 Dungeon Crawl Stone Soup version 0.20.0-14-g326068f (webtiles) character file.

154 puppykicker the Slasher (level 5, -2/36 HPs)
             Began as a Halfling Monk on June 8, 2017.
             Killed by divine providence
             ... invoked by an orc priest
              (7 damage)
             ... on level 3 of the Dungeon.
             The game lasted 00:08:45 (3478 turns).

puppykicker the Slasher (Halfling Monk)             Turns: 3478, Time: 00:08:45

Health: -2/36      AC:  6    Str: 13    XL:     5   Next: 63%
Magic:  5/5        EV: 16    Int:  8    God:
Gold:   103        SH:  0    Dex: 17    Spells: 4/4 levels left

rFire    . . .     SeeInvis .   a - +0 falchion
rCold    . . .     Gourm    +   (shield restricted)
rNeg     . . .     Faith    .   k - +2 leather armour {MR+}
rPois    .         Spirit   .   r - +0 hat
rElec    .         Reflect  .   i - +0 cloak
rCorr    .         Harm     .   (no gloves)
MR       +....     Rnd*Tele +   (no boots)
Stlth    ++........             d - amulet of the gourmand
Regen    0.2/turn               t - ring of teleportation (curse)
MPRegen  0.1/turn               (no ring)

@: no status effects
A: mutation resistance 1
a: no special abilities


You were on level 3 of the Dungeon.
You were completely stuffed.

You visited 1 branch of the dungeon, and saw 3 of its levels.

You collected 103 gold pieces.


Innate Abilities, Weirdness & Mutations

You are small and have problems with some larger weapons.
You are somewhat resistant to further mutation.


   Skills:
 + Level 3.0 Fighting
 * Level 4.9 Long Blades
 + Level 1.9 Armour
 + Level 3.9 Dodging
 - Level 2.1 Stealth


You had 4 spell levels left.
You didn't know any spells.

Inventory:

Hand Weapons
 a - a +0 falchion (weapon)
 c - a +0 dagger
Missiles
 e - 40 sling bullets
 j - 103 stones (quivered)
Armour
 i - a +0 cloak (worn)
 k - a +2 leather armour of magic resistance (worn)
 o - a +0 ring mail
 r - a +0 hat (worn)
Jewellery
 d - an amulet of the gourmand (around neck)
 p - an uncursed ring of ice
 t - a cursed ring of teleportation (left hand)
Scrolls
 h - a scroll of amnesia
 m - a scroll of magic mapping
Potions
 l - 2 potions of brilliance
Comestibles
 b - 2 chunks of flesh {@w1}
 f - a royal jelly
 g - 4 meat rations
 q - 2 bread rations

Dungeon Overview and Level Annotations

Branches:
Dungeon (3/15)

Altars:

Annotations:
D:2 Sigmund

##..........# #.#.....#.......
........##.## #.#.##..#..#....
........##.# #.#.....####.###
........##[####.#..........#
........##......#....########
.............................
.....................########
......................'.......
...............o@.......########
..............oo........#
...........o.o..........#
§..........#######+######
...........# §........o.#
§.....§§§§.# §......§§§§#
§......§§§§#


You could see an orc priest and 4 orcs.


Message History

You barely miss the orc. You hit the orc.
The orc is moderately wounded.
The orc priest begins to cast a cantrip, but forgets the words!
Some of the chunks of flesh in your inventory have rotted away.
You see here an adder skeleton.
An orc comes into view.
The orc moves out of view.
The orc priest mumbles some strange prayers to Beogh against you.
Beogh smites you!
* * * LOW HITPOINT WARNING * * *
An orc comes into view.
The orc moves out of view.
The orc priest calls upon Beogh to heal the orc.
The orc's wounds heal themselves!
As you read the scroll of fog, it crumbles to dust.
The scroll dissolves into smoke.
Okay, then.
The orc barely misses you. The orc hits you with a dagger of pain.
* * * LOW HITPOINT WARNING * * *
As you read the scroll of fog, it crumbles to dust.
The scroll dissolves into smoke.
The orc closely misses you. The orc barely misses you.
There is a stone staircase leading down here.
You can't go up here!
The orc hits you with a short sword.
* * * LOW HITPOINT WARNING * * *
The orc priest invokes the aid of Beogh against you.
Beogh smites you!
You die...

Action                   |  1- 3 |  4- 6 || total
-------------------------+-------+-------++-------
Melee: Falchion          |   104 |   149 ||   253
  Use: Potion            |     3 |       ||     3
       Scroll            |     3 |     4 ||     7
 Stab: Sleeping          |     6 |     4 ||    10
       Distracted        |     1 |       ||     1
  Eat: Chunk             |    16 |     6 ||    22
Armor: Robe              |    17 |     5 ||    22
       Leather armour    |       |    26 ||    26
Dodge: Dodged            |    91 |   134 ||   225
       Rpst.: Falchion   |    29 |    41 ||    70

Vault maps used:
D:1:      roderic_crop_circles_arrival_small
D:2:      serial_co_window_serial, co_window_paths_b, co_window_paths_a,
          co_window_corner_a, co_window_paths_a, co_window_of_opportunity_a,
          co_window_unsneaky_path_c, co_window_cross_4, co_window_corner_cb,
          co_window_unsneaky_path_b, co_window_corner_b, co_window_paths_c,
          minmay_misc_feat_columns, uniq_sigmund
D:3:      overflow_temple_1_default

Notes
Turn   | Place    | Note
-------+----------+-------------------------------------------
     0 | D:1      | puppykicker the Halfling Monk began the quest for the Orb.
     0 | D:1      | Reached XP level 1. HP: 15/15 MP: 1/1
   112 | D:1      | Reached XP level 2. HP: 20/20 MP: 2/2
   325 | D:1      | HP: 2/20 [hobgoblin/club (1)]
   330 | D:1      | HP: 2/20 [bat (1)]
   332 | D:1      | Reached skill level 4 in Long Blades
   332 | D:1      | Reached XP level 3. HP: 2/25 MP: 3/3
  1495 | D:2      | Noticed Sigmund
  1540 | D:2      | Reached XP level 4. HP: 17/30 MP: 4/4
  1888 | D:2      | Reached skill level 1 in Armour
  2720 | D:2      | Reached XP level 5. HP: 32/36 MP: 5/5
  3186 | D:3      | Reached skill level 3 in Fighting
  3478 | D:3      | Killed from afar by an orc priest

Vanquished Creatures
  6 adders
  3 oozes
  2 worms (D:2)
  A dart slug (D:1)
  2 leopard geckos
  A giant cockroach (D:2)
  4 goblins
  10 hobgoblins
  12 jackals
  A quokka (D:2)
  11 bats
  5 frilled lizards
  11 kobolds
  7 rats
76 creatures vanquished.
